Map: [ESL] Alcyone

Players

trigger - Winner!

  • Race: Protoss Protoss
  • Spawn Location: 7:00

Cham

  • Race: Zerg Zerg
  • Spawn Location: 1:00

Event: ESL SC2 Masters 2024 Spring (Regional)

VOD

Have the link to the VOD?

Description

Time

  • Played on: May 2, 2024, 4:49 p.m.
  • Length: 8:31

All games in this series

Show
View Real Time Build Order
Export as new Build Order

trigger Protoss - Winner!

Build Orders: 1 Gate Expand, Oracle Opening, Phoenix Opening 

Get SALT Encoding   

  12  0:00  Probe  
  13  0:12  Probe  
  14  0:20  Pylon  
  14  0:24  Probe  
  15  0:38  Probe (Chrono Boost)  
  15  0:41  Gateway  
  16  0:43  Assimilator  
  16  0:47  Probe (Chrono Boost)  
  17  0:52  Probe  
  18  1:05  Probe  
  19  1:17  Probe  
  20  1:24  Nexus  
  20  1:32  Cybernetics Core  
  20  1:36  Assimilator  
  20  1:40  Probe  
  21  1:49  Pylon  
  21  1:52  Probe  
  22  2:05  Probe, Adept (Chrono Boost)  
  25  2:17  Probe  
  25  2:18  Stargate  
  26  2:25  Adept (Chrono Boost)  
  29  2:30  Warp Gate, Probe (Chrono Boost)  
  29  2:38  Probe (Chrono Boost)  
  31  2:47  Probe (Chrono Boost)  
  31  2:48  Probe (Chrono Boost)  
  31  2:49  Adept  
  34  2:53  Probe x2  
  36  3:01  Phoenix (Chrono Boost)  
  36  3:05  Probe  
  39  3:06  Pylon  
  39  3:10  Probe  
  40  3:17  Probe  
  41  3:23  Probe  
  41  3:24  Oracle (Chrono Boost)  
  45  3:29  Probe  
  45  3:32  Pylon  
  46  3:39  Probe  
  47  3:45  Nexus  
  47  3:48  Pylon  
  47  3:50  Probe  
  47  3:52  Probe  
  49  3:56  Oracle (Chrono Boost)  
  52  4:03  Probe  
  52  4:06  Probe  
  52  4:08  Assimilator  
  54  4:11  Assimilator  
  54  4:12  Twilight Council  
  54  4:17  Forge  
  54  4:18  Probe x2  
  56  4:25  Adept  
  56  4:30  Probe  
  56  4:31  Probe  
  56  4:32  Shield Battery  
  56  4:40  Protoss Ground Weapons Level 1  
  56  4:42  Probe  
  56  4:43  Probe  
  58  4:48  Gateway  
  58  4:49  Gateway  
  58  4:52  Blink (Chrono Boost)  
  58  4:57  Probe (Chrono Boost)  
  58  4:59  Probe x2 (Chrono Boost)  
  61  5:01  Pylon  
  61  5:05  Stalker  
  64  5:10  Probe x2 (Chrono Boost)  
  64  5:11  Probe (Chrono Boost)  
  66  5:15  Gateway  
  66  5:17  Probe  
  66  5:18  Probe  
  66  5:19  Probe  
  69  5:29  Stalker  
  69  5:30  Probe x2  
  69  5:32  Pylon, Probe  
  74  5:38  Robotics Facility  
  74  5:39  Pylon  
  74  5:43  Gateway  
  74  5:44  Gateway  
  74  5:45  Probe x2  
  74  5:46  Probe  
  74  5:49  Assimilator  
  77  5:56  Stalker x2  
  77  5:57  Stalker  
  83  6:04  Probe  
  84  6:09  Gateway  
  84  6:12  Stalker, Gateway  
  86  6:21  Stalker x3  
  86  6:23  Warp Prism (Chrono Boost), Probe  
  93  6:26  Pylon  
  95  6:35  Gateway  
  95  6:37  Gateway  
  93  6:47  Stalker  
  93  6:48  Stalker x5  
  93  6:49  Observer (Chrono Boost)  
  106  7:09  Pylon  
  106  7:10  Stalker x4  
  106  7:11  Stalker  
  114  7:17  Stalker  
  116  7:28  Pylon  
  112  7:33  Stalker x7  
  122  7:38  Stalker  
  123  7:49  Stalker x2  
  119  7:59  Stalker x7  
  129  8:11  Stalker  
  118  8:14  Stalker x2  
  114  8:22  Stalker x6  
Show
View Real Time Build Order
Export as new Build Order

Cham Zerg 

Build Orders: Hatch First 

Get SALT Encoding   

  12  0:00  Drone  
  13  0:12  Overlord  
  13  0:17  Drone  
  14  0:31  Drone x2  
  16  0:48  Hatchery  
  15  0:51  Drone  
  15  0:55  Drone  
  17  0:59  Drone  
  18  1:12  Spawning Pool  
  18  1:14  Extractor  
  18  1:17  Drone  
  17  1:20  Drone  
  18  1:29  Drone  
  19  1:38  Drone  
  20  1:54  Overlord  
  20  1:59  Queen  
  20  2:01  Drone x2, Queen  
  26  2:12  Drone  
  26  2:13  Drone  
  28  2:17  Metabolic Boost  
  28  2:23  Zergling x4  
  30  2:35  Hatchery  
  29  2:41  Queen  
  31  2:46  Drone  
  31  2:48  Overlord  
  31  2:50  Zergling x2  
  33  2:53  Zergling x2  
  34  2:59  Queen  
  36  3:06  Overlord  
  36  3:08  Drone x2  
  36  3:10  Drone  
  38  3:24  Drone x2  
  38  3:25  Drone x3  
  41  3:27  Drone x2  
  41  3:32  Queen  
  45  3:40  Queen  
  47  3:43  Zergling x6  
  47  3:46  Zergling x4  
  52  3:49  Overlord  
  52  3:54  Overlord  
  52  4:03  Overlord  
  52  4:08  Drone x5  
  57  4:13  Drone  
  57  4:14  Drone x3  
  57  4:15  Drone x2  
  63  4:19  Drone  
  63  4:25  Drone x2  
  61  4:32  Drone x4  
  61  4:33  Drone  
  65  4:42  Lair  
  65  4:44  Extractor  
  61  4:51  Extractor  
  61  4:52  Roach Warren, Extractor, Drone x8  
  66  4:56  Extractor  
  66  4:57  Extractor  
  64  5:00  Drone  
  64  5:02  Zergling x4  
  64  5:03  Zergling x4  
  64  5:04  Drone  
  70  5:09  Evolution Chamber  
  70  5:11  Drone  
  70  5:13  Drone  
  71  5:16  Drone  
  71  5:19  Overlord  
  71  5:26  Drone x3  
  69  5:29  Drone x5  
  74  5:35  Zerg Missile Weapons Level 1  
  74  5:37  Drone x4  
  74  5:41  Drone  
  74  5:42  Glial Reconstitution  
  79  5:44  Drone  
  79  5:47  Hatchery  
  79  5:48  Baneling Nest, Drone x3  
  81  5:51  Drone  
  81  5:55  Drone x3  
  81  5:56  Drone  
  82  5:57  Overlord  
  82  6:00  Overlord  
  82  6:07  Overlord x2  
  82  6:10  Overlord  
  81  6:13  Overlord  
  81  6:14  Overlord  
  81  6:16  Roach, Overlord  
  83  6:19  Roach  
  83  6:21  Roach x2  
  83  6:23  Roach  
  91  6:27  Spore Crawler x2, Drone  
  91  6:31  Centrifugal Hooks  
  91  6:32  Roach  
  92  6:34  Roach  
  92  6:36  Roach x2  
  98  6:40  Roach x2  
  98  6:42  Roach  
  98  6:45  Roach x2  
  107  6:48  Ravager x5  
  107  6:49  Roach  
  113  6:55  Roach x2  
  113  6:56  Roach x2  
  121  7:04  Roach x3  
  121  7:05  Roach  
  121  7:07  Drone  
  121  7:08  Drone x2  
  132  7:11  Roach x2  
  135  7:16  Ravager  
  135  7:17  Zergling x2  
  135  7:18  Zergling x6  
  136  7:25  Ravager  
  136  7:26  Roach x3  
  135  7:30  Roach x2  
  135  7:33  Roach x2  
  135  7:36  Roach x2  
  135  7:37  Roach, Zergling x2  
  138  7:38  Ravager  
  138  7:40  Roach  
  138  7:44  Roach x3  
  144  7:48  Roach x2, Zergling x2  
  132  7:51  Roach  
  132  7:56  Roach  
  132  7:58  Roach x2  
  127  7:59  Roach  
  113  8:07  Roach x4  
Tags
 
Add a new tag
Caveats
  • Supply blocks, unpowered buildings, or Contaminate may cause inaccurate times.
  • Supply counts are checked every 10 seconds.